 Dungeon Crawl Stone Soup version 0.27-a0-1557-g57f10a385c (webtiles) character file.

Game seed: 3789443610900460673

135 Sin92 the Skirmisher (level 4, -13/37 HPs)
             Began as a Demonspawn Fighter on July 15, 2021.
             Mangled by a gnoll (16 damage)
             ... on level 3 of the Dungeon.
             The game lasted 00:02:17 (2049 turns).

Sin92 the Skirmisher (Demonspawn Fighter)           Turns: 2049, Time: 00:02:18

Health: -13/37     AC:  6    Str: 17    XL:     4   Next: 96%
Magic:  4/4        EV:  7    Int:  9    God:
Gold:   146        SH: 10    Dex: 13    Spells: 3/3 levels left

rFire    . . .     SeeInvis +   a - +1 war axe
rCold    . . .     Faith    .   c - +1 kite shield
rNeg     . . .     Spirit   .   b - +0 scale mail
rPois    .         Reflect  .   (no helmet)
rElec    .         Harm     .   (no cloak)
rCorr    .         Rampage  .   (no gloves)
Will     .....                  (no boots)
Stlth    ..........             (no amulet)
HPRegen  0.12/turn              j - ring of see invisible
MPRegen  0.09/turn              (no ring)

@: mighty, lethally poisoned (-13 -> -29)
A: claws 1
a: no special abilities


You were on level 3 of the Dungeon.
You visited 1 branch of the dungeon, and saw 3 of its levels.

You collected 146 gold pieces.

Inventory:

Hand Weapons
 a - a +1 war axe (weapon)
Armour
 b - a +0 scale mail (worn)
 c - a +1 kite shield (worn)
Jewellery
 j - a ring of see invisible (left claw)
 n - a ring of flight
Wands
 f - a wand of digging (8)
Scrolls
 i - 3 scrolls of immolation
 o - a scroll of identify
 p - a scroll of teleportation
Potions
 d - 2 potions of might
 l - a potion of brilliance {unknown}


   Skills:
 + Level 3.7 Fighting
 + Level 2.5 Axes
 + Level 3.3 Armour
 + Level 1.5 Dodging
 + Level 3.3 Shields


You had 3 spell levels left.
You didn't know any spells.
Your spell library contained the following spells:

 Spells                   Type           Power      Damage    Failure   Level
 Stone Arrow              Conj/Erth      0%         3d7       100%        3
 Bolt of Magma            Conj/Fire/Erth 0%         4d4       100%        5
 Shatter                  Erth           0%         3d5*      100%        9


Dungeon Overview and Level Annotations

Branches:
Dungeon (3/15)

Altars:


Innate Abilities, Weirdness & Mutations

You have sharp fingernails.


Message History

You block the gnoll's attack. x2; The gnoll hits you but does no damage.
You slash the gnoll!
You kill the gnoll!
You block the gnoll's attack. x2
The gnoll hits you from afar with a +2 halberd of venom!
The gnoll barely misses you.
Things that are here:
a +0 whip; a bat corpse You hit the gnoll.
The gnoll is moderately wounded.
The gnoll barely misses you. The gnoll hits you with a +0 spear!
You closely miss the gnoll.
The gnoll is moderately wounded.
The gnoll hits you from afar with a +2 halberd of venom!
* * * LOW HITPOINT WARNING * * *
You are lethally poisoned!
You block the gnoll's attack.
The gnoll hits you from afar with a +2 halberd of venom.
* * * LOW HITPOINT WARNING * * *
You block the gnoll's attack.
It was a potion of curing.
You feel better. You block the gnoll's attack. x2
You slash the gnoll!
You kill the gnoll!
The gnoll barely misses you. You block the gnoll's attack.
You see here a +0 spear.
You barely miss the gnoll. You block the gnoll's attack.
The gnoll hits you with a +2 halberd of venom.
* * * LOW HITPOINT WARNING * * *
You are lethally poisoned!
You feel better. The gnoll hits you but does no damage.
You are poisoned.
You closely miss the gnoll.
* * * LOW HITPOINT WARNING * * *
You feel very sick.
The gnoll hits you with a +2 halberd of venom.
* * * LOW HITPOINT WARNING * * *
You are more poisoned.
The gnoll hits you with a +2 halberd of venom!
You die...

#.# .# #.###.# #.#...
#.#.# #...#
######...############
#..>....g†.g.........
#..###.#g#.g#........
#..###.#@#...........
#..#...#)#.##g.......
#..#...#.#...........
#..'...#.#####.......
#.##)..#.# .......
#......++### ###.###
####........ .#
#####........ #
#............


You could see 2 gnolls.

Vanquished Creatures
  An orc wizard (D:3)
  An adder (D:3)
  2 gnolls (D:3)
  3 orcs (D:3)
  6 endoplasms
  14 giant cockroaches
  10 goblins
  4 hobgoblins
  8 jackals
  6 kobolds
  3 quokkas
  3 ball pythons
  4 bats
  A frilled lizard (D:2)
  A rat (D:1)
67 creatures vanquished.

Notes
Turn   | Place    | Note
-------+----------+-------------------------------------------
     0 | D:1      | Sin92 the Demonspawn Fighter began the quest for the Orb.
     0 | D:1      | Reached XP level 1. HP: 18/18 MP: 1/1
   185 | D:1      | Gained mutation: You have sharp fingernails. [demonic
                  | ancestry]
   185 | D:1      | Reached XP level 2. HP: 24/24 MP: 2/2
   261 | D:1      | Found a faded altar of an unknown god.
   769 | D:1      | Reached XP level 3. HP: 29/29 MP: 3/3
  1009 | D:2      | Reached skill level 1 in Dodging
  1384 | D:2      | Reached XP level 4. HP: 31/35 MP: 4/4
  2049 | D:3      | Mangled by a gnoll

Illustrated notes

Levels and vault maps discovered:
D:1:      matt_arrival_refuge, layout_loops_ring,
          hellmonk_ecumenical_altar_lost_god
D:2:      minmay_roachtagon, layout_loops_ring, minmay_crystal_room,
          grunt_ministairs_1
D:3:      layout_basic, biasface_ghost_orc_armoury, portal_sewer_entry_b,
          uniq_robin

Skill      XL: |  1  2  3 |
---------------+----------+-----
Axes           | 2 |  2.5
Shields        | 3 |  3.3
Armour         | 3 |  3.3
Dodging        | 1 |  1.5
Fighting       | |  3.7

Action                   |  1- 3 |  4- 6 || total
-------------------------+-------+-------++-------
Melee: War axe           |   148 |    39 ||   187
  Use: Scroll            |       |     5 ||     5
       Potion            |       |     4 ||     4
Armor: Scale mail        |    92 |    40 ||   132
Dodge: Dodged            |    71 |    23 ||    94
Block: Kite shield       |    74 |    31 ||   105

Table legend: (Time is in decaauts)
 A = Elapsed time spent in this place.
 B = Non-inter-level travel time spent in this place.
 C = Inter-level travel time spent in this place.
 D = Time resting spent in this place.
 E = Time spent auto-exploring this place.
 F = Levels seen in this place.
 G = Mean time per level.
                   A        B        C        D        E       F      G
               +--------+--------+--------+--------+--------+-----+--------+
         Total |   2165 |   2108 |     57 |      0 |   1606 |   3 |  721.7 |
       Dungeon |   2165 |   2108 |     57 |      0 |   1606 |   3 |  721.7 |
               +--------+--------+--------+--------+--------+-----+--------+

Top non-repeatable levels by time:
     D:2: 978 daAuts
     D:1: 972 daAuts
     D:3: 214 daAuts
